 Dungeon Crawl Stone Soup version 0.17-a0-1528-gfee3901 (webtiles) character file.

4867 Chiseanne the Covert (level 10, -3/79 HPs)
             Began as a Demonspawn Wanderer on July 15, 2015.
             Was an Initiate of Gozag.
             Killed from afar by Erica (7 damage)
             ... with an orb of energy
             ... on level 8 of the Dungeon.
             The game lasted 00:27:06 (9691 turns).

Chiseanne the Covert (Demonspawn Wanderer)          Turns: 9691, Time: 00:27:06

Health: -3/79      AC: 14    Str: 22    XL:     10   Next: 26%
Magic:  10/10      EV: 10    Int: 13    God:    Gozag
Gold:   644        SH: 11    Dex: 14    Spells: 0 memorised, 9 levels left

rFire  + . .     SeeInvis .     U - +3 falchion (freeze) (curse)
rCold  . . .     Clarity  .     m - +0 ring mail
rNeg   . . .     SustAt   .     C - +0 shield
rPois  .         Gourm    .     (no helmet)
rElec  .         Spirit   .     R - +0 cloak
rCorr  .         Warding  .     j - +1 pair of gloves
rMut   .         Stasis   .     (no boots)
MR     .....                    o - amulet of faith
Stlth  +++++.....               T - -2 ring of dexterity (curse)
                                y - +4 ring of dexterity

@: mighty, very slightly contaminated, hasted, very quick, not resistant to
hostile enchantments, quite stealthy
A: claws 1, molten scales 3, nightstalker 2, powered by pain 1
a: Potion Petition, Call Merchant, Bribe Branch, Renounce Religion


You were on level 8 of the Dungeon.
You worshipped Gozag.
Gozag was noncommittal.
You were not hungry.

You visited 2 branches of the dungeon, and saw 9 of its levels.

You collected 854 gold pieces.
You spent 90 gold pieces at shops.
You paid 120 gold pieces to Gozag.

Inventory:

Hand weapons
 a - a +5 trident
 s - a +2 whip of flaming
 M - the +0 dagger "Havvon" {flame, rElec}
   (You found it on level 5 of the Dungeon)

   It has been specially enchanted to burn those struck by it, causing extra
   injury to most foes and up to half again as much damage against particularly
   susceptible opponents.
   It insulates you from electricity.
 O - a +1 flail of venom
 U - a cursed +3 falchion of freezing (weapon)
Missiles
 b - 18 sling bullets
 h - 59 bolts
 i - 2 throwing nets
 v - 11 poisoned needles
 B - 7 needles of confusion
 F - 13 silver sling bullets
 G - 10 tomahawks
 H - 11 bolts of flame
 K - 13 bolts of penetration
 N - 2 curare-tipped needles
 P - 3 javelins of penetration (quivered)
 Q - 2 tomahawks of returning
Armour
 j - a +1 pair of gloves (worn)
 m - a +0 ring mail (worn)
 C - a +0 shield (worn)
 R - a +0 cloak (worn)
Rods
 V - a -2 rod of clouds (9/9)
   (You found it on level 8 of the Dungeon)
Jewellery
 d - an uncursed ring of flight
 g - an uncursed ring of ice
 o - an amulet of faith (around neck)
 p - a +3 ring of dexterity
 y - a +4 ring of dexterity (left hand)
 D - an uncursed ring of wizardry
 T - a cursed -2 ring of dexterity (right hand)
Magical devices
 k - a wand of digging (15)
 A - a wand of digging (24)
 E - a wand of disintegration (5)
 X - a wand of slowing (15)
Scrolls
 f - a scroll of magic mapping
 q - a scroll of amnesia
 r - 2 scrolls of fog
 w - a scroll of teleportation
 S - a scroll of recharging
Potions
 c - 4 potions of curing
 l - a potion of magic
 n - a potion of resistance {unknown}
 t - a potion of cancellation {unknown}
 u - 2 potions of mutation
 x - a potion of ambrosia {unknown}
Books
 I - a book of Party Tricks

   Spells                             Type                      Level
   a - Summon Butterflies             Summoning                    1
   b - Apportation                    Translocation                1
   c - Tukima's Dance                 Hexes                        3
   d - Alistair's Intoxication        Transmutation/Poison         4
   e - Invisibility                   Hexes                        6
 L - a book of Beasts

   Spells                             Type                      Level
   a - Summon Butterflies             Summoning                    1
   b - Call Canine Familiar           Summoning                    3
   c - Summon Ice Beast               Ice/Summoning                4
   d - Summon Mana Viper              Hexes/Summoning              5
   e - Summon Hydra                   Summoning                    7
 W - a book of Spatial Translocations

   Spells                             Type                      Level
   a - Apportation                    Translocation                1
   b - Blink                          Translocation                2
   c - Shroud of Golubria             Charms/Translocation         2
   d - Portal Projectile              Translocation                3
   e - Teleport Other                 Translocation                3
   f - Passage of Golubria            Translocation                4
Comestibles
 e - 8 bread rations
 z - 5 meat rations


   Skills:
 + Level 7.2 Fighting
 - Level 1.0(1.1) Polearms
   Level 1.0(1.1) Staves
 - Level 1.0 Throwing
 * Level 7.3 Armour
 - Level 3.8 Dodging
 * Level 8.2 Stealth
 * Level 6.2 Shields


You had 9 spell levels left.
You didn't know any spells.

Dungeon Overview and Level Annotations

Branches:
Dungeon (8/15)             Temple (1/1) D:7            Lair (0/8) D:8

Altars:
Dithmenos
Elyvilon
Fedhas
Gozag
Kikubaaqudgha
Nemelex Xobeh
Okawaru
Qazlal
Ru
Sif Muna
Vehumet
Xom
Yredelemnul
Zin
The Shining One

Annotations:
D:8 Erica


Innate Abilities, Weirdness & Mutations

You have sharp fingernails.
You are completely covered in molten scales (AC +4, EV -1, rF+).
You are significantly more attuned to the shadows.
You sometimes gain a little power by taking damage.


Message History

You hit something. You freeze something.
You hear some strange, mumbled words.
Something tries to affect you, but you resist.
You hit something but do no damage.
You hear some strange, mumbled words.
An orb of energy appears from out of thin air!
The orb of energy hits something.
Reactivating autopickup.
Your Shields skill increases to level 6!
You feel a bit more experienced.
The orb of energy explodes!
Deactivating autopickup; reactivate with Ctrl-A.
The mystic blast hits you!
* * * LOW HITPOINT WARNING * * *
You focus on the pain.
You feel very mighty all of a sudden.
You hear some strange, mumbled words.
An orb of energy appears from out of thin air!
The orb of energy hits you!
You die...
Your body crumbles into a pile of gold.

..#.. .#####.#.#
..#.## .......#.#
..+.# #.#########.#.#
..#.#####
#.#.........#.#
#........
#.#.##.....##.#
#.#.####
#.#.###.......####
#.#.######
#####.#.######.##....#
..........
...............##.##.#
#.#.######
####@#.#########.....
#.#.# #...{#.# #..#..
..#.# #.####.# #..###
#.#.. # #.# #..###
#.### #.# #..... ..#
#.#### #.# ### .#


There were no monsters in sight!

Vanquished Creatures
  A blink frog (D:8)
  Grinder (D:5)
  A two-headed ogre (D:6)
  A spriggan (D:7)
  Menkaure (D:4)
  A water moccasin (D:7)
  A porcupine (D:8)
  2 ice beasts (D:7)
  2 orc warriors (D:6)
  A necrophage (D:7)
  2 sky beasts
  2 black bears
  4 ogres
  A phantom (D:7)
  4 giant frogs
  An elf zombie (D:7)
  3 wights (D:7)
  2 scorpions
  A crimson imp (D:7)
  7 orc wizards
  2 centaur zombies
  A centaur skeleton (D:3)
  3 human zombies (D:7)
  3 hounds (D:5)
  A giant frog zombie (D:8)
  A jelly (D:6)
  7 orc priests
  2 human skeletons (D:7)
  5 worker ants
  A hound zombie (D:7)
  2 mummies (D:7)
  3 gnolls (D:5)
  10 adders
  A river rat (D:8)
  3 shadow imps
  3 oozes
  2 worms
  5 giant geckos
  31 orcs
  3 ball pythons
  11 bats
  A giant cockroach (D:2)
  11 goblins
  14 hobgoblins
  25 jackals
  8 kobolds
  A giant gecko skeleton (D:4)
  6 giant newts
  A jackal skeleton (D:4)
  5 quokkas
  A quokka skeleton (D:7)
  14 rats
226 creatures vanquished.

Vanquished Creatures (others)
  Erolcha (D:8)
1 creature vanquished.

Grand Total: 227 creatures vanquished

Notes
Turn   | Place    | Note
--------------------------------------------------------------
     0 | D:1      | Chiseanne the Demonspawn Wanderer began the quest for the Orb.
     0 | D:1      | Chiseanne set off with: a +2 spear, a +0 quarterstaff, a potion of curing, a +0 robe, a bread ration
     0 | D:1      | Reached XP level 1. HP: 19/19 MP: 1/1
    59 | D:1      | Gained mutation: You are slightly more attuned to the shadows. [demonic ancestry]
    59 | D:1      | Reached XP level 2. HP: 10/25 MP: 2/2
   633 | D:1      | Reached XP level 3. HP: 28/30 MP: 3/3
  1025 | D:2      | Found an iron altar of Okawaru.
  1032 | D:2      | Reached skill level 1 in Armour
  1234 | D:2      | Reached XP level 4. HP: 26/38 MP: 4/4
  2054 | D:3      | Gained mutation: You are significantly more attuned to the shadows. [demonic ancestry]
  2054 | D:3      | Reached XP level 5. HP: 37/43 MP: 5/5
  2479 | D:3      | Gained mutation: You are partially covered in molten scales (AC +1). [demonic ancestry]
  2479 | D:3      | Reached XP level 6. HP: 26/49 MP: 6/6
  2725 | D:3      | Found a glowing golden altar of the Shining One.
  2994 | D:4      | Noticed Menkaure
  3185 | D:4      | Found a white marble altar of Elyvilon.
  3406 | D:4      | Killed Menkaure
  3406 | D:4      | Reached skill level 5 in Fighting
  3406 | D:4      | Gained mutation: You have sharp fingernails. [demonic ancestry]
  3406 | D:4      | Reached XP level 7. HP: 32/56 MP: 7/7
  3795 | D:4      | Found a blossoming altar of Fedhas.
  3879 | D:5      | Entered Level 5 of the Dungeon
  3892 | D:5      | Found a stormy altar of Qazlal.
  3901 | D:5      | Got an encrusted dagger
  3929 | D:5      | Identified the cursed +0 dagger "Havvon" {flame, rElec} (You found it on level 5 of the Dungeon)
  4066 | D:5      | Found Zin's Purification Station.
  4066 | D:5      | Found a glowing silver altar of Zin.
  4125 | D:5      | Noticed Grinder
  4134 | D:5      | Paralysed by Grinder for 7 turns
  4143 | D:5      | Killed Grinder
  4143 | D:5      | Reached skill level 5 in Stealth
  4143 | D:5      | Reached skill level 1 in Shields
  4416 | D:5      | Gained mutation: You sometimes gain a little power by taking damage. [demonic ancestry]
  4416 | D:5      | Reached XP level 8. HP: 51/63 MP: 8/8
  4967 | D:6      | Noticed a two-headed ogre
  5457 | D:6      | Found a radiant altar of Vehumet.
  5542 | D:6      | Reached skill level 5 in Armour
  5603 | D:6      | Killed a two-headed ogre
  5603 | D:6      | Reached skill level 6 in Stealth
  5648 | D:6      | Found a shadowy altar of Dithmenos.
  5829 | D:6      | Found a glowing golden altar of the Shining One.
  5944 | D:6      | Gained mutation: You are mostly covered in molten scales (AC +3, EV -1). [demonic ancestry]
  5944 | D:6      | Reached XP level 9. HP: 69/69 MP: 9/9
  6183 | D:7      | Found an opulent altar of Gozag.
  6204 | D:7      | Became a worshipper of Gozag Ym Sagoz the Greedy
  6323 | D:5      | Bought a potion of curing for 90 gold pieces
  6445 | D:7      | Found a staircase to the Ecumenical Temple.
  6509 | Temple   | Entered the Ecumenical Temple
  6847 | D:7      | Found a shadowy altar of Dithmenos.
  7161 | D:7      | Reached skill level 7 in Stealth
  7883 | D:7      | Found a basalt altar of Yredelemnul.
  7895 | D:7      | Reached skill level 5 in Shields
  8495 | D:8      | Found a staircase to the Lair.
  8518 | D:8      | Gained mutation: You are completely covered in molten scales (AC +4, EV -1, rF+). [demonic ancestry]
  8518 | D:8      | Reached XP level 10. HP: 41/79 MP: 10/10
  8872 | D:8      | Reached skill level 8 in Stealth
  9351 | D:8      | Noticed Erolcha
  9677 | D:8      | Noticed Erica
  9690 | D:8      | Killed Erolcha
  9691 | D:8      | Killed from afar by Erica

Vault maps used:
D:1:      dpeg_arrival_pits, nrook_uturn
D:2:      first_bread, hangedman_decor_peaks_small, okawaru_gym_becter
D:3:      tso_oasis_becter
D:4:      lemuel_coloured_pillars_altar, elyvilon_altar_5, uniq_menkaure
D:5:      nicolae_qazlal_general_emergency, zin_purify, uniq_grinder
D:6:      lemuel_doored_altar, kennysheep_little_box, basic_altar
D:7:      lemuel_mausoleum_altar_yredelemnul, nicolae_gozag_seed_capital,
          minmay_temple_entry_glass, the_bakery, grunt_dithmenos_shadows
D:8:      makhleb_grotto_becter, kennysheep_mini, dpeg_lair_monsters,
          uniq_erolcha, uniq_erica
Temple:   nicolae_temple_hex_pool_5

Action                   |  1- 3 |  4- 6 |  7- 9 | 10-12 || total
-------------------------+-------+-------+-------+-------++-------
Melee: Spear             |   120 |    69 |       |       ||   189
       Trident           |       |   120 |   407 |       ||   527
       Flail             |       |       |     8 |       ||     8
       Falchion          |       |       |    63 |    73 ||   136
Throw: Javelin           |       |       |    20 |     5 ||    25
       Tomahawk          |       |       |     2 |       ||     2
       Throwing net      |       |       |     3 |       ||     3
  Use: Scroll            |     4 |     8 |     6 |     2 ||    20
       Potion            |       |     1 |     8 |     2 ||    11
 Stab: Sleeping          |     8 |     5 |    36 |     4 ||    53
       Distracted        |       |     2 |     4 |     1 ||     7
       Invisible         |       |       |     6 |       ||     6
  Eat: Chunk             |     1 |     7 |     9 |       ||    17
       Fruit             |       |       |     6 |       ||     6
       Beef jerky        |       |       |     2 |     1 ||     3
       Bread ration      |       |       |       |     1 ||     1
       Pizza             |       |       |       |     1 ||     1
